 Dungeon Crawl Stone Soup version 0.31-a0-1338-gb567cfdca4 (webtiles) character file.

Game seed: 8926202116531599722

116 jlumianski the Ruffian (level 5, -3/40 HPs)
             Began as a Gnoll Shapeshifter on Dec 21, 2023.
             Slain by an unseen horror (11 damage)
             ... on level 5 of the Dungeon.
             The game lasted 00:10:36 (3136 turns).

jlumianski the Ruffian (Gnoll Shapeshifter)         Turns: 3136, Time: 00:10:37

Health: -3/40      AC:  3    Str: 16    XL:     5   Next: 0%
Magic:  7/7        EV: 13    Int:  9    God:
Gold:   62         SH:  0    Dex: 11    Spells: 6/6 levels left

rFire   . .          .
                       - Unarmed
rCold   . . .        (no shield)
rNeg    . . .        n - +0 leather armour
rPois   .            (helmet currently unavailable)
rElec   .            (cloak currently unavailable)
rCorr   .            (gloves currently unavailable)
SInv    .            (boots currently unavailable)
Will    .....        (no amulet)
Stlth   +            (no ring)
HPRegen 0.26/turn    (no ring)
MPRegen 0.10/turn

%: no passive effects
@: beast-form
A: beast (slay +3), fangs 1, strong nose, distributed training
a: Begin Untransformation


You were on level 5 of the Dungeon.
You were a hulking beast.
You visited 1 branch of the dungeon, and saw 5 of its levels.

You collected 195 gold pieces.
You spent 133 gold pieces at shops.

Inventory:

Hand Weapons
 t - a +0 dagger of venom
Missiles
 q - 4 curare-tipped darts (quivered)
 s - 3 poisoned darts
 v - 4 boomerangs
Armour
 a - a +0 animal skin
 k - a +0 robe of willpower
 l - a +0 pair of boots
 n - a +0 leather armour (worn)
Talismans
 c - a beast talisman
 d - a flux talisman
 j - a talisman of death
Scrolls
 f - a scroll of poison
 i - a scroll of fear {unknown}
 m - a scroll of silence {unknown}
 p - 2 scrolls of revelation
 r - a scroll of blinking {unknown}
 u - a scroll of amnesia {unknown}
Potions
 b - 2 potions of lignification
 e - 2 potions of heal wounds
 g - 2 potions of curing
 h - a potion of might
 o - a potion of invisibility


   Skills:
 + Level 2.9 Fighting
 + Level 1.3 Short Blades
 + Level 1.3 Long Blades
 + Level 1.3 Axes
 + Level 1.3 Maces & Flails
 + Level 1.3 Polearms
 + Level 1.3 Staves
 + Level 1.3 Ranged Weapons
 + Level 1.3 Throwing
 + Level 1.3 Armour
 + Level 4.7 Dodging
 + Level 1.3 Stealth
 + Level 1.3 Shields
 + Level 6.6 Unarmed Combat
 + Level 1.3 Spellcasting
 + Level 1.1 Conjurations
 + Level 1.1 Hexes
 + Level 1.1 Summonings
 + Level 1.1 Necromancy
 + Level 1.1 Translocations
 + Level 1.1 Fire Magic
 + Level 1.1 Ice Magic
 + Level 1.1 Air Magic
 + Level 1.1 Earth Magic
 + Level 1.1 Alchemy
 + Level 1.5 Invocations
 + Level 1.3 Evocations
 + Level 6.6 Shapeshifting


You had 6 spell levels left.
You didn't know any spells.
Your spell library was empty.

Dungeon Overview and Level Annotations

Branches:
Dungeon (5/15)
 Temple: D:4-7

Altars:

Shops:
D:2 *   D:3 ?

Annotations:
D:4 2 runed translucent doors, MysticSailboat's ghost, amateur GnWn


Innate Abilities, Weirdness & Mutations

You are a hulking beast.
Your limbs bulge with bestial killing power. (Slay +3)
You have very sharp teeth.
Your uncanny sense of smell can sniff out nearby items.
Your experience applies equally to all skills.


Message History

Unknown command.
Unknown command.
Unknown command.
Unknown command.
u - a scroll labelled OQOSHRO YBEHA
Found a sling.
Found a stone staircase leading down.
You now have 54 gold pieces (gained 12).
A kobold comes into view. It is wielding a +0 short sword.
The kobold shouts!
You hit the kobold. Your bite misses the kobold.
The kobold is moderately wounded.
The kobold barely misses you.
You punch the kobold!
You kill the kobold!
You see here a +0 short sword.
There is a stone staircase leading down here.
You climb downwards.
There is a stone staircase leading up here.
Found 8 gold pieces.
You now have 62 gold pieces (gained 8).
A scorpion comes into view.
Found a stone staircase leading down.
Something hits you!
Deactivating autopickup; reactivate with Ctrl-A.
Something barely misses you. Something hits you. Something hits you. x2
Found a potion of curing.
Something barely misses you.
Found 17 gold pieces and 4 boomerangs.
Something hits you. Something hits you.
There is a stone staircase leading down here.
Something hits you!
* * * LOW HITPOINT WARNING * * *
Something hits you.
* * * LOW HITPOINT WARNING * * *
You see here 4 boomerangs.
v - 4 boomerangs Something barely misses you. x2
Something hits you!
You die...

. .......## ## .#
........##. ..
......... ...
....... .... ..
#.... ..! ##..#
....##...### #
#...#......####...#
#.....>.#.h.......
#......#####^.###.
#.......# #.##
#$##....# #..# ..
#....## #.# ∆ .
##....#####.##
#..#....#...######
#..#......##..##.#
.##........#####..##


There were no monsters in sight!

Vanquished Creatures
  A hound (D:4)
  An orc wizard (D:3)
  An adder (D:3)
  A worm (D:3)
  3 orcs (D:3)
  A ball python (D:2)
  4 endoplasms
  7 goblins
  5 hobgoblins
  3 jackals (D:3)
  7 kobolds
  A quokka (D:4)
  3 bats
  A frilled lizard (D:1)
  3 rats
42 creatures vanquished.

Notes
Turn   | Place    | Note
-------+----------+-------------------------------------------
     0 | D:1      | jlumianski the Gnoll Shapeshifter began the quest for the
                  | Orb.
     0 | D:1      | Reached XP level 1. HP: 17/17 MP: 1/1
   310 | D:1      | Reached XP level 2. HP: 23/23 MP: 2/2
  1068 | D:2      | Found Tiurebu's Assorted Antiques.
  1199 | D:3      | Reached XP level 3. HP: 24/28 MP: 3/3
  1498 | D:3      | Reached skill level 1 in Short Blades
  1498 | D:3      | Reached skill level 1 in Long Blades
  1498 | D:3      | Reached skill level 1 in Axes
  1498 | D:3      | Reached skill level 1 in Maces & Flails
  1498 | D:3      | Reached skill level 1 in Polearms
  1498 | D:3      | Reached skill level 1 in Staves
  1498 | D:3      | Reached skill level 1 in Ranged Weapons
  1498 | D:3      | Reached skill level 1 in Throwing
  1498 | D:3      | Reached skill level 1 in Armour
  1498 | D:3      | Reached skill level 1 in Stealth
  1498 | D:3      | Reached skill level 1 in Shields
  1498 | D:3      | Reached skill level 1 in Spellcasting
  1498 | D:3      | Reached skill level 1 in Invocations
  1498 | D:3      | Reached skill level 1 in Evocations
  1500 | D:3      | Reached XP level 4. HP: 21/34 MP: 3/5
  1665 | D:5      | Entered Level 5 of the Dungeon
  1680 | D:4      | Noticed an ogre
  1960 | D:3      | Found Moass's Magic Scroll Shop.
  1966 | D:3      | Bought a scroll of revelation for 105 gold pieces
  1966 | D:3      | Bought a scroll of identify for 28 gold pieces
  2022 | D:3      | Reached skill level 1 in Conjurations
  2022 | D:3      | Reached skill level 1 in Hexes
  2022 | D:3      | Reached skill level 1 in Summonings
  2022 | D:3      | Reached skill level 1 in Necromancy
  2022 | D:3      | Reached skill level 1 in Translocations
  2022 | D:3      | Reached skill level 1 in Fire Magic
  2022 | D:3      | Reached skill level 1 in Ice Magic
  2022 | D:3      | Reached skill level 1 in Air Magic
  2022 | D:3      | Reached skill level 1 in Earth Magic
  2022 | D:3      | Reached skill level 1 in Alchemy
  2987 | D:4      | Reached XP level 5. HP: 40/40 MP: 7/7
  2991 | D:4      | Found a large runed translucent door.
  2992 | D:4      | Found a large runed translucent door.
  2993 | D:4      | Noticed MysticSailboat's ghost (amateur GnWn)
  3136 | D:5      | Slain by an unseen horror

Illustrated notes

Levels and vault maps discovered:
D:1:      minmay_arrival_loop, layout_loops_corners, minmay_indecisive_spiral
D:2:      layout_basic, serial_shops, nicolae_shop_window_shopping
D:3:      layout_basic, serial_shops, shop, grunt_ministairs_14,
          grunt_decor_cap, nicolae_concentric_dashed_squares_wild,
          kennysheep_generic_room_2
D:4:      layout_cave_pods, ebering_ghost_disaster_area
D:5:      minmay_bubble_buster, layout_layer_cave

Skill      XL: |  1  2  3  4 |
---------------+-------------+-----
Short Blades   | 1 |  1.3
Long Blades    | 1 |  1.3
Axes           | 1 |  1.3
Maces & Flails | 1 |  1.3
Polearms       | 1 |  1.3
Staves         | 1 |  1.3
Ranged Weapons | 1 |  1.3
Throwing       | 1 |  1.3
Armour         | 1 |  1.3
Stealth        | 1 |  1.3
Shields        | 1 |  1.3
Spellcasting   | 1 |  1.3
Invocations    | 1 |  1.5
Evocations     | 1 |  1.3
Conjurations   | 1 |  1.1
Hexes          | 1 |  1.1
Summonings     | 1 |  1.1
Necromancy     | 1 |  1.1
Translocations | 1 |  1.1
Fire Magic     | 1 |  1.1
Ice Magic      | 1 |  1.1
Air Magic      | 1 |  1.1
Earth Magic    | 1 |  1.1
Alchemy        | 1 |  1.1
Fighting       | |  2.9
Dodging        | |  4.7
Unarmed Combat | |  6.6
Shapeshifting  | |  6.6

Action                     |  1- 3 |  4- 6 || total
---------------------------+-------+-------++-------
  Melee: Unarmed           |    52 |    35 ||    87
         Bite              |     5 |       ||     5
    Use: Potion            |     1 |     1 ||     2
         Scroll            |       |     3 ||     3
 Armour: Animal skin       |     8 |       ||     8
         Robe              |    14 |       ||    14
         Leather armour    |     3 |    30 ||    33
  Dodge: Dodged            |    35 |    23 ||    58

Table legend: (Time is in decaauts)
 A = Elapsed time spent in this place.
 B = Non-inter-level travel time spent in this place.
 C = Inter-level travel time spent in this place.
 D = Time resting spent in this place.
 E = Time spent auto-exploring this place.
 F = Levels seen in this place.
 G = Mean time per level.
                   A        B        C        D        E       F      G
               +--------+--------+--------+--------+--------+-----+--------+
         Total |   3130 |   3058 |     72 |    116 |   2031 |   5 |  626.0 |
       Dungeon |   3130 |   3058 |     72 |    116 |   2031 |   5 |  626.0 |
               +--------+--------+--------+--------+--------+-----+--------+

Top non-repeatable levels by time:
     D:3: 1221 daAuts
     D:1: 890 daAuts
     D:2: 526 daAuts
     D:4: 455 daAuts
     D:5: 36 daAuts
